 Dungeon Crawl Stone Soup version 0.29.1-1-gd02db6906a (webtiles) character file.

Game seed: 6231557164294008074

620 croobank the Covered (level 7, -1/44 HPs)
             Began as a Gargoyle Fighter on Oct 19, 2022.
             Slain by a wight
             ... wielding a +2 great sword
              (2 damage)
             ... on level 4 of the Dungeon.
             The game lasted 00:10:23 (3876 turns).

croobank the Covered (Gargoyle Fighter)             Turns: 3876, Time: 00:10:24

Health: -1/44      AC: 14    Str: 22    XL:     7   Next: 46%
Magic:  7/7        EV:  8    Int:  8    God:
Gold:   260        SH:  8    Dex:  9    Spells: 6/6 levels left

rFire   . . .      SeeInvis .   a - +0 war axe
rCold   + . .      Faith    .   v - +0 kite shield
rNeg    + . .      Spirit   .   y - +2 scale mail {rC+}
rPois   ∞          Reflect  .   (no helmet)
rElec   +          Harm     .   (no cloak)
rCorr   .          Rampage  .   (no gloves)
Will    .....                   (no boots)
Stlth   ..........              (no amulet)
HPRegen 0.14/turn               (no ring)
MPRegen 0.10/turn               (no ring)

@: no status effects
A: sickness immunity, AC +4, negative energy resistance 1, electricity
resistance, torment resistance 1, petrification resistance
a: no special abilities


You were on level 4 of the Dungeon.
You visited 1 branch of the dungeon, and saw 5 of its levels.

You collected 260 gold pieces.

Inventory:

Hand Weapons
 a - a +0 war axe (weapon)
 o - a +3 flail of protection
 u - a +0 great mace
Armour
 c - a +0 buckler
 v - a +0 kite shield (worn)
 y - a +2 scale mail of cold resistance (worn)
Jewellery
 h - a ring of fire
 r - a ring of flight
Wands
 f - a wand of digging (6)
Scrolls
 i - a scroll of fear
 j - a scroll of teleportation
 m - 2 scrolls of noise
 z - a scroll of amnesia
Potions
 d - 2 potions of might
 e - a potion of brilliance
 g - a potion of magic
 k - a potion of berserk rage
 l - 2 potions of heal wounds
 n - 2 potions of cancellation
 p - a potion of haste {unknown}
 q - 2 potions of mutation {unknown}
 s - 2 potions of degeneration {unknown}
 t - 2 potions of flight {unknown}
 w - a potion of curing {unknown}
 x - a potion of ambrosia {unknown}


   Skills:
 + Level 5.3 Fighting
 + Level 3.9 Axes
 + Level 5.3 Armour
 + Level 5.3 Shields


You had 6 spell levels left.
You didn't know any spells.
Your spell library contained the following spells:

 Spells                   Type           Power      Damage    Failure   Level
 Sandblast                Erth           0%         2d4       97%         1
 Passwall                 Tmut/Erth      0%         N/A       99%         2
 Stone Arrow              Conj/Erth      0%         3d7       100%        3
 Animate Armour           Summ/Erth      0%         N/A       100%        4
 Lehudib's Crystal Spear  Conj/Erth      0%         10d2      100%        8


Dungeon Overview and Level Annotations

Branches:
Dungeon (5/15)
 Temple: D:4-7

Altars:
Gozag
Nemelex Xobeh
Sif Muna
Uskayaw
Wu Jian

Annotations:
D:3 3 runed translucent doors, om's ghost, amateur DjFE


Innate Abilities, Weirdness & Mutations

You are immune to sickness and miasma.
Your stone body is resilient. (AC +4)
You are immune to poison.
You resist negative energy. (rN+)
You are resistant to electric shocks. (rElec)
You are resistant to unholy torment.
You are immune to petrification.


Message History

There is a stone staircase leading down here.
You slash the wight!
The wight is severely damaged.
The wight hits you but does no damage.
You barely miss the wight.
The wight is severely damaged.
You block the wight's attack. The wight completely misses you.
You closely miss the wight.
The wight is severely damaged.
You block the wight's attack.
You closely miss the wight.
The wight is severely damaged.
You block the wight's attack. The wight hits you but does no damage.
You slash the wight!
You destroy the wight!
Things that are here:
a +0 short sword; a +0 robe
There is a stone staircase leading down here.
You start resting.
HP restored.
You climb downwards.
The wight closely misses you. You block the wight's attack.
There is a stone staircase leading up here.
The wight hits you with a +2 great sword!
You climb upwards.
There is a stone staircase leading down here.
You barely miss the wight.
The wight hits you with a +2 great sword!
You closely miss the wight. The wight closely misses you.
You hit the wight but do no damage.
The wight hits you with a +2 great sword!
* * * LOW HITPOINT WARNING * * *
The wight hits you with a +2 great sword.
* * * LOW HITPOINT WARNING * * *
You barely miss the wight. You block the wight's attack.
You hit the wight but do no damage.
The wight hits you with a +2 great sword!
* * * LOW HITPOINT WARNING * * *
The wight hits you with a +2 great sword.
You die...

###########..##.......
#.................####
#.................#
#..........######.####
#..........# #....#
#####.#.#### ####..
#.#.# ##. #z#.# #.
##@#.# #. ##.[[.# #.
#....## #. #....# ##
#....# #### ######
##... ########..#.
#.........#.
#.........#.


You could see a wight.

Vanquished Creatures
  Menkaure (D:4)
  Edmund (D:4)
  2 wights (D:4)
  A scorpion (D:3)
  2 hounds (D:4)
  Natasha (thrice) (D:4)
  An adder (D:3)
  A shadow imp (D:4)
  2 worms
  3 dart slugs
  8 ball pythons
  6 bats
  6 endoplasms
  3 giant cockroaches
  5 goblins
  4 hobgoblins
  4 jackals (D:3)
  10 kobolds
  2 quokkas
  A frilled lizard (D:3)
  4 rats
70 creatures vanquished.

Notes
Turn   | Place    | Note
-------+----------+-------------------------------------------
     0 | D:1      | croobank the Gargoyle Fighter began the quest for the Orb.
     0 | D:1      | Reached XP level 1. HP: 14/14 MP: 1/1
    30 | D:1      | Reached XP level 2. HP: 14/19 MP: 2/2
   473 | D:1      | Reached XP level 3. HP: 14/23 MP: 3/3
  1777 | D:3      | Found a runed translucent gate.
  1777 | D:3      | Found a runed translucent gate.
  1779 | D:3      | Found a runed translucent gate.
  1781 | D:3      | Found an opulent altar of Gozag.
  1788 | D:3      | Noticed om's ghost (amateur DjFE)
  1995 | D:3      | Reached XP level 4. HP: 26/29 MP: 4/4
  2031 | D:3      | Noticed a scorpion
  2062 | D:3      | Killed a scorpion
  2063 | D:3      | Reached XP level 5. HP: 24/33 MP: 5/5
  2164 | D:3      | Found a hide-covered altar of Uskayaw.
  2327 | D:3      | Found a shimmering blue altar of Sif Muna.
  2330 | D:3      | Found an ornate altar of the Wu Jian Council.
  2334 | D:3      | Found a sparkling altar of Nemelex Xobeh.
  2817 | D:4      | Noticed Natasha
  2821 | D:4      | Killed Natasha
  2833 | D:4      | Noticed Natasha
  2846 | D:4      | Killed Natasha
  2880 | D:4      | Noticed Natasha
  2889 | D:4      | Killed Natasha
  3233 | D:4      | Reached XP level 6. HP: 39/39 MP: 6/6
  3240 | D:4      | Noticed Menkaure
  3247 | D:4      | Killed Menkaure
  3264 | D:4      | Noticed Edmund
  3548 | D:4      | Killed Edmund
  3549 | D:4      | Reached skill level 5 in Fighting
  3549 | D:4      | Reached skill level 5 in Armour
  3549 | D:4      | Reached skill level 5 in Shields
  3549 | D:4      | Reached XP level 7. HP: 19/44 MP: 7/7
  3841 | D:5      | Entered Level 5 of the Dungeon
  3876 | D:4      | HP: 1/44 [wight/+2 great sword (8)]
  3876 | D:4      | Slain by a wight

Illustrated notes

Levels and vault maps discovered:
D:1:      eino_arrival_druids_welcome, layout_rooms, minmay_ruptured
D:2:      layout_basic, serial_glass, glass_columns_a, glass_columns_b,
          glass_columns_a, glass_columns_a, glass_columns_a, glass_columns_a,
          glass_columns_c, glass_columns_a, glass_columns_b, glass_columns_c
D:3:      layout_basic, grunt_temple_overflow_open, ebering_ghost_gozag
D:4:      layout_rooms, uniq_edmund, uniq_natasha, uniq_menkaure
D:5:      layout_rooms, serial_shops, nicolae_shop_waterfront,
          gammafunk_ghost_nasty_kobolds, minmay_chambers_of_fives

Skill      XL: |  1  2  3  4  5  6 |
---------------+-------------------+-----
Axes           | 2 3 |  3.9
Fighting       | 4 5 |  5.3
Armour         | 4 5 |  5.3
Shields        | 4 5 |  5.3

Action                   |  1- 3 |  4- 6 |  7- 9 || total
-------------------------+-------+-------+-------++-------
Melee: War axe           |   122 |   110 |    17 ||   249
  Use: Scroll            |       |    11 |       ||    11
       Potion            |       |     2 |       ||     2
Armor: Scale mail        |    96 |    46 |    10 ||   152
Dodge: Dodged            |    77 |    45 |     5 ||   127
Block: Buckler           |    44 |       |       ||    44
       Kite shield       |     4 |    42 |     7 ||    53
